Map: Ascension vers Aïur EC

Players

NOCTURNUM - Winner!

  • Race: Protoss Protoss
  • League: Gold
  • Spawn Location: 5:00

zidar

  • Race: Zerg Zerg
  • Spawn Location: 11:00

VOD

Have the link to the VOD?

Description

Time

  • Played on: July 24, 2017, 10:30 a.m.
  • Length: 6:28
Show
View Real Time Build Order
Export as new Build Order

NOCTURNUM Protoss - Winner!

Build Orders:  

Get SALT Encoding   

  12  0:01  Probe (Chrono Boost)  
  13  0:13  Probe (Chrono Boost)  
  14  0:30  Probe (Chrono Boost), Pylon  
  15  1:02  Pylon  
  15  1:04  Probe (Chrono Boost)  
  16  1:21  Gateway  
  16  1:23  Gateway  
  16  1:24  Gateway  
  16  1:27  Gateway  
  16  1:38  Gateway  
  16  1:42  Probe (Chrono Boost)  
  17  2:14  Zealot x4  
  25  2:20  Pylon  
  25  2:23  Assimilator  
  25  2:26  Zealot  
  27  2:31  Probe (Chrono Boost)  
  28  2:43  Cybernetics Core  
  28  2:54  Zealot x2  
  32  3:00  Zealot  
  34  3:14  Probe (Chrono Boost)  
  35  3:24  Zealot  
  35  3:25  Probe (Chrono Boost)  
  38  3:35  Pylon  
  38  3:44  Pylon  
  38  3:53  Zealot  
  38  3:54  Mothership Core (Chrono Boost)  
  24  4:31  Forge  
  24  4:33  Assimilator  
  24  4:36  Stargate  
  24  4:38  Pylon  
  24  4:39  Pylon  
  22  4:47  Probe (Chrono Boost)  
  23  5:08  Photon Cannon  
  23  5:09  Photon Cannon  
  23  5:29  Void Ray (Chrono Boost)  
  27  5:45  Photon Cannon  
  27  6:08  Probe  
Show
View Real Time Build Order
Export as new Build Order

zidar Zerg 

Build Orders: Pool First 

Get SALT Encoding   

  12  0:04  Drone  
  13  0:12  Overlord  
  13  0:17  Drone  
  14  0:30  Drone x2  
  16  0:37  Drone  
  17  0:51  Drone  
  17  0:52  Spawning Pool  
  17  1:20  Hatchery  
  16  1:27  Drone  
  16  1:28  Overlord  
  16  1:32  Extractor  
  16  1:36  Drone  
  17  1:54  Queen  
  19  2:07  Zergling x2  
  19  2:08  Zergling x4  
  22  2:19  Drone  
  23  2:37  Queen  
  23  2:44  Metabolic Boost  
  25  2:46  Overlord  
  25  2:49  Drone x3  
  28  2:55  Roach Warren  
  26  3:00  Zergling x2  
  26  3:01  Zergling x2  
  26  3:13  Zergling x10  
  25  3:42  Roach x5  
  27  4:10  Queen  
  27  4:14  Roach  
  27  4:15  Roach x2  
  32  4:41  Roach x2  
  36  4:57  Ravager  
  37  5:19  Overlord  
  37  5:20  Overlord  
  37  5:32  Hatchery  
  35  5:48  Ravager  
  36  6:04  Ravager  
Tags
 
Add a new tag
Caveats
  • Supply blocks, unpowered buildings, or Contaminate may cause inaccurate times.
  • Supply counts are checked every 10 seconds.